 Dungeon Sprint DCSS version 0.27.1-33-g824d729ab1 (webtiles) character file.

Game seed: 13221805553005430408

109 Hipnos the Reanimator (level 4, -1/24 HPs)
             Began as a Deep Elf Necromancer on Nov 30, 2021.
             Killed from afar by Sigmund (5 damage)
             ... with a puff of flame
             ... in the Dungeon (Sprint I: "Red Sonja").
             The game lasted 00:01:18 (370 turns).

Hipnos the Reanimator (Deep Elf Necromancer)         Turns: 370, Time: 00:01:20

Health: -1/24      AC:  3    Str:  5    XL:     4   Next: 60%
Magic:  7/13       EV: 12    Int: 21    God:
Gold:   54         SH:  0    Dex: 15    Spells: 12/14 levels left

rFire    . . .     SeeInvis .   i - +0 dagger
rCold    . . .     Faith    .   (no shield)
rNeg     . . .     Spirit   .   j - +0 leather armour
rPois    .         Reflect  .   (no helmet)
rElec    .         Harm     .   (no cloak)
rCorr    .         Rampage  .   (no gloves)
Will     .....     NoTele   +   (no boots)
Stlth    ++........             (no amulet)
HPRegen  0.08/turn              (no ring)
MPRegen  0.13/turn              (no ring)

@: no status effects
A: no striking features
a: no special abilities


You were in the Dungeon.
You visited 1 branch You collected 54 gold pieces.

Inventory:

Hand Weapons
 i - a +0 dagger (weapon)
Armour
 a - a +0 robe
 j - a +0 leather armour (worn)
Wands
 h - a wand of flame (26)
Scrolls
 g - a scroll of blinking
Potions
 b - a potion of curing
 c - a potion of heal wounds
 e - 2 potions of magic
 f - a potion of berserk rage


   Skills:
 + Level 3.8 Dodging
 - Level 2.4 Stealth
 + Level 5.9 Spellcasting
 + Level 10.5 Necromancy


You had 12 spell levels left.
You knew the following spells:

 Your Spells              Type           Power      Damage    Failure   Level
a - Pain                  Necr           100%       1d9       1%          1
b - Animate Skeleton      Necr           100%       N/A       1%          1

Your spell library contained the following spells:

 Spells                   Type           Power      Damage    Failure   Level
 Vampiric Draining        Necr           25%        2d9       1%          3
 Animate Dead             Necr           25%        N/A       2%          4
 Agony                    Necr           50%        N/A       6%          5


Dungeon Overview and Level Annotations

Branches:
Dungeon (1/1)

Altars:

Annotations:
D Sigmund


Message History

Aim: Sigmund, wielding a +0 scythe and wearing a +0 robe (chance to affect: 89%) Sigmund writhes in agony.
Casting: Pain (safe; 1% risk of failure)
Confirm with . or Enter, or press ? or * to list all spells.
Aiming: Pain (safe; 1% risk of failure)
Press: ? - help, Shift-Dir - straight line, f/p - Sigmund
Aim: Sigmund, wielding a +0 scythe and wearing a +0 robe (lightly wounded, chance to affect: 89%) Sigmund writhes in agony.
Sigmund hits you from afar with a +0 scythe.
Casting: Pain (safe; 1% risk of failure)
Confirm with . or Enter, or press ? or * to list all spells.
Aiming: Pain (safe; 1% risk of failure)
Press: ? - help, Shift-Dir - straight line, f/p - Sigmund
Aim: Sigmund, wielding a +0 scythe and wearing a +0 robe (moderately wounded, chance to affect: 89%) Sigmund writhes in agony!
Sigmund points at you and mumbles some strange words.
The magic dart hits you.
Casting: Pain (safe; 1% risk of failure)
Confirm with . or Enter, or press ? or * to list all spells.
Aiming: Pain (safe; 1% risk of failure)
Press: ? - help, Shift-Dir - straight line, f/p - Sigmund
Aim: Sigmund, wielding a +0 scythe and wearing a +0 robe (heavily wounded, chance to affect: 89%) Sigmund writhes in agony.
Sigmund hits you from afar with a +0 scythe.
* * * LOW HITPOINT WARNING * * *
Casting: Pain (safe; 1% risk of failure)
Confirm with . or Enter, or press ? or * to list all spells.
Aiming: Pain (safe; 1% risk of failure)
Press: ? - help, Shift-Dir - straight line, f/p - Sigmund
Aim: Sigmund, wielding a +0 scythe and wearing a +0 robe (severely wounded, chance to affect: 89%) Sigmund writhes in agony.
Casting: Pain (safe; 1% risk of failure)
Confirm with . or Enter, or press ? or * to list all spells.
Aiming: Pain (safe; 1% risk of failure)
Press: ? - help, Shift-Dir - straight line, f/p - Sigmund
Aim: Sigmund, wielding a +0 scythe and wearing a +0 robe (almost dead, chance to affect: 89%) Sigmund barely resists.
Sigmund points at you and mumbles some strange words.
The puff of flame hits you.
You die...

########## ##
#<.#..'..#..+
#..'..#@.@..#
#..#####'####
#..# #..#
#..# ####
#.)# #⌠⌠#
####


You could see Sigmund.

Vanquished Creatures
  An ogre (D)
  Ijyb (D)
2 creatures vanquished.

Notes
Turn   | Place    | Note
-------+----------+-------------------------------------------
     0 | D        | Hipnos the Deep Elf Necromancer began the quest for the
                  | Orb.
     0 | D        | Reached XP level 1. HP: 10/10 MP: 6/6
     1 | D        | Noticed Ijyb
     7 | D        | Killed Ijyb
     8 | D        | Reached skill level 7 in Necromancy
     8 | D        | Reached XP level 2. HP: 9/15 MP: 2/9
    12 | D        | Learned a level 1 spell: Animate Skeleton
   240 | D        | Noticed an ogre
   253 | D        | Killed an ogre
   254 | D        | Reached skill level 5 in Spellcasting
   254 | D        | Reached skill level 10 in Necromancy
   254 | D        | Reached XP level 3. HP: 13/19 MP: 4/12
   254 | D        | Reached XP level 4. HP: 16/24 MP: 4/13
   363 | D        | Noticed Sigmund
   370 | D        | Killed from afar by Sigmund

Illustrated notes

Levels and vault maps discovered:
D:        dungeon_sprint_1 [red_sonja_temple_1, red_sonja_temple_small_1]

Skill      XL: |  1  2 |
---------------+-------+-----
Dodging        | 3 |  3.8
Spellcasting   | 4 5 |  5.9
Necromancy     | 7 10 | 10.5
Stealth        | |  2.4

Action                   |  1- 3 |  4- 6 || total
-------------------------+-------+-------++-------
 Cast: Pain              |     9 |     6 ||    15
  Use: Potion            |     1 |       ||     1
